Map: Automaton LE

Players

Marinelord

  • Race: Terran Terran
  • Spawn Location: 9:00

Elazer - Winner!

  • Race: Zerg Zerg
  • Spawn Location: 3:00

Event: 2019 WCS Spring

VOD

Have the link to the VOD?

Description

Time

  • Played on: May 18, 2019, 11:17 a.m.
  • Length: 13:03

All games in this series

Show
View Real Time Build Order
Export as new Build Order

Marinelord Terran 

Build Orders: Gas First Reaper Expand, Hellion Banshee 

Get SALT Encoding   

  12  0:00  SCV  
  13  0:12  SCV  
  14  0:17  Supply Depot  
  14  0:25  SCV  
  15  0:30  Refinery  
  15  0:39  SCV  
  16  0:45  Barracks  
  16  0:51  SCV  
  17  1:03  SCV  
  18  1:15  SCV  
  19  1:31  Orbital Command  
  19  1:32  Reaper  
  20  1:44  Command Center  
  20  1:55  Factory  
  20  2:00  SCV  
  21  2:07  Barracks Reactor  
  21  2:12  SCV  
  22  2:15  Supply Depot  
  22  2:23  Refinery  
  22  2:24  SCV  
  23  2:37  SCV  
  24  2:49  SCV  
  24  2:50  Starport  
  25  2:52  Hellion x2  
  25  2:54  Barracks Tech Lab  
  29  3:00  Orbital Command  
  29  3:03  SCV  
  30  3:15  SCV  
  30  3:18  Hellion x2  
  35  3:27  SCV  
  35  3:30  SCV  
  37  3:34  Supply Depot  
  37  3:38  Viking  
  37  3:39  SCV  
  40  3:42  SCV  
  40  3:48  Hellion x2  
  45  3:51  SCV  
  46  3:56  SCV  
  46  3:57  Cloaking Field  
  47  4:03  SCV  
  47  4:08  SCV  
  49  4:13  Banshee  
  49  4:15  SCV  
  53  4:20  SCV, Supply Depot  
  54  4:32  Command Center  
  54  4:35  Supply Depot  
  54  4:40  Refinery x2  
  54  4:42  SCV x2  
  58  4:54  SCV x2  
  58  4:56  Armory  
  58  4:58  Armory  
  58  5:00  Banshee  
  58  5:06  SCV x2  
  63  5:17  Factory x2  
  63  5:18  SCV x2  
  65  5:22  Supply Depot  
  65  5:28  Supply Depot  
  65  5:30  SCV x2  
  65  5:33  Hellion  
  69  5:40  Supply Depot  
  69  5:42  SCV  
  70  5:43  SCV  
  70  5:44  Hellion  
  70  5:47  Banshee  
  76  5:52  Orbital Command  
  76  5:54  SCV  
  76  5:56  SCV  
  77  6:02  Hellion  
  79  6:04  Factory Tech Lab x2  
  79  6:06  SCV  
  79  6:08  SCV  
  81  6:18  SCV  
  81  6:20  SCV  
  81  6:21  Orbital Command  
  81  6:22  Hyperflight Rotors  
  85  6:26  Hellion x2  
  85  6:27  Cyclone  
  85  6:30  Cyclone, SCV  
  85  6:32  Mag-Field Accelerator, SCV  
  95  6:37  Banshee  
  98  6:43  SCV  
  98  6:44  SCV  
  98  6:47  Factory, SCV  
  101  6:48  Factory  
  101  6:50  Supply Depot  
  101  6:55  Engineering Bay  
  101  6:56  Refinery  
  101  6:58  SCV  
  101  7:00  Refinery  
  101  7:02  Cyclone  
  101  7:03  Cyclone  
  101  7:07  Infernal Pre-Igniter  
  107  7:15  SCV x2  
  109  7:16  Supply Depot x2  
  109  7:17  SCV  
  108  7:27  SCV x2  
  108  7:28  Banshee  
  108  7:29  SCV  
  114  7:32  Hellion  
  116  7:37  Cyclone  
  116  7:39  SCV x2  
  116  7:41  SCV  
  118  7:46  Factory Tech Lab, Factory Reactor  
  118  7:47  Cyclone  
  118  7:49  Supply Depot  
  122  7:51  SCV x2  
  122  7:53  SCV  
  124  8:01  Hellion  
  126  8:09  Cyclone  
  132  8:18  Cyclone  
  132  8:19  Cyclone  
  138  8:20  Drilling Claws  
  138  8:28  Command Center  
  138  8:33  Supply Depot x2  
  135  8:34  Supply Depot  
  135  8:35  Supply Depot  
  135  8:37  Supply Depot  
  135  8:39  Terran Vehicle And Ship Armor Level 1, Terran Vehicle Weapons Level 1, Supply Depot x2  
  141  8:41  Hellion x3  
  139  8:53  Starport Reactor  
  139  8:54  Cyclone x3  
  150  9:05  Widow Mine x3  
  150  9:06  Widow Mine  
  150  9:08  Supply Depot  
  156  9:12  SCV x2  
  156  9:14  SCV  
  159  9:24  SCV x2  
  159  9:25  Refinery  
  159  9:26  Cyclone  
  159  9:29  Refinery  
  159  9:30  Liberator x2  
  164  9:36  Cyclone x2  
  176  9:38  Hellion x3, Missile Turret  
  176  9:39  Hellion  
  180  9:59  Hellion  
  184  10:00  Hellion x2  
  184  10:04  Hellion x2  
  184  10:06  Factory  
  188  10:07  Factory  
  188  10:08  Cyclone x2, Factory  
  192  10:20  Hellion  
  196  10:21  Hellion  
  196  10:28  Hellion x2  
  196  10:42  Cyclone, Hellion x2  
  176  10:43  Cyclone  
  176  10:44  SCV x3  
  176  10:45  SCV  
  176  10:46  Hellion  
  176  10:49  Hellion  
  172  10:51  Factory Tech Lab  
  172  10:52  Factory Tech Lab  
  172  10:53  Factory Tech Lab  
  172  10:56  SCV  
  172  10:58  Planetary Fortress  
  172  11:03  Cyclone  
  175  11:13  Command Center  
  175  11:14  Cyclone x2  
  175  11:15  Cyclone  
  175  11:17  Hellion  
  151  11:23  Cyclone  
  142  11:26  Hellion  
  142  11:30  Cyclone  
  143  11:34  SCV x4  
  143  11:38  Hellion  
  149  11:46  SCV  
  143  11:48  Cyclone  
  143  11:49  Cyclone  
  143  11:52  Hellion x2, SCV  
  143  11:53  SCV  
  146  11:54  Hellion  
  146  11:57  SCV  
  146  11:59  SCV  
  121  12:03  Cyclone  
  121  12:08  Cyclone  
  127  12:09  Cyclone  
  127  12:13  Cyclone  
  129  12:20  Cyclone  
  129  12:21  Cyclone  
  128  12:24  Hellion  
  128  12:25  Hellion  
  132  12:31  Hellion x2  
  119  12:41  SCV  
  119  12:42  SCV x2  
  119  12:43  SCV  
Show
View Real Time Build Order
Export as new Build Order

Elazer Zerg - Winner!

Build Orders: Hatch First 

Get SALT Encoding   

  12  0:00  Drone  
  13  0:12  Overlord  
  13  0:17  Drone  
  14  0:31  Drone x2  
  16  0:49  Hatchery  
  15  0:52  Drone  
  15  0:55  Drone  
  17  0:59  Drone  
  18  1:10  Extractor  
  17  1:14  Spawning Pool  
  17  1:18  Drone  
  17  1:21  Drone  
  18  1:28  Drone  
  19  1:41  Drone  
  20  1:50  Drone  
  21  2:01  Queen x2, Zergling x2  
  23  2:02  Zergling x2  
  27  2:20  Hatchery  
  26  2:22  Overlord  
  26  2:25  Drone  
  26  2:27  Drone  
  28  2:33  Metabolic Boost  
  28  2:42  Drone x3  
  31  2:49  Queen  
  33  2:53  Overlord  
  33  2:57  Drone  
  34  2:59  Drone  
  34  3:01  Drone  
  36  3:12  Drone x4  
  40  3:13  Drone  
  40  3:18  Drone  
  42  3:25  Queen, Overlord  
  43  3:34  Queen  
  43  3:36  Zergling x4  
  43  3:38  Drone  
  48  3:41  Overlord  
  48  3:43  Zergling x2  
  48  3:44  Zergling x2  
  48  3:45  Drone  
  48  3:47  Drone  
  52  3:52  Drone x2  
  54  3:57  Drone x2  
  54  3:58  Drone  
  54  3:59  Spore Crawler  
  55  4:03  Baneling Nest  
  55  4:05  Queen  
  55  4:07  Drone  
  55  4:09  Drone  
  59  4:13  Overlord  
  59  4:15  Drone x2  
  61  4:17  Spore Crawler  
  61  4:20  Spore Crawler  
  61  4:21  Drone  
  61  4:22  Drone  
  61  4:24  Drone  
  62  4:30  Overlord  
  62  4:33  Zergling x6  
  62  4:35  Drone x2  
  66  4:39  Overlord, Spore Crawler  
  66  4:40  Zergling x2  
  66  4:43  Overlord  
  66  4:48  Baneling x2  
  66  4:50  Overlord  
  66  4:52  Queen  
  66  4:54  Drone x2  
  66  4:56  Drone x2  
  66  4:59  Drone x2  
  72  5:03  Lair  
  72  5:04  Drone  
  72  5:05  Drone  
  74  5:07  Drone x2  
  74  5:08  Drone  
  74  5:10  Drone  
  74  5:11  Drone  
  79  5:15  Overlord  
  79  5:16  Drone x2  
  79  5:20  Extractor, Overlord  
  80  5:21  Extractor  
  80  5:24  Drone  
  80  5:25  Drone, Evolution Chamber  
  80  5:26  Evolution Chamber  
  80  5:27  Drone x2  
  81  5:32  Queen  
  81  5:34  Overlord  
  81  5:35  Drone  
  84  5:36  Extractor, Drone x2  
  84  5:38  Drone  
  84  5:39  Drone  
  84  5:41  Drone  
  88  5:43  Overlord  
  88  5:46  Overlord  
  88  5:47  Drone  
  89  5:58  Zerg Ground Armor Level 1  
  89  6:00  Zergling x6  
  89  6:03  Hatchery  
  91  6:09  Drone x2  
  91  6:11  Extractor, Overseer, Hydralisk Den  
  89  6:18  Overlord  
  89  6:19  Overlord  
  89  6:20  Drone x5  
  89  6:22  Extractor  
  89  6:23  Zerg Missile Weapons Level 1  
  93  6:27  Overlord  
  93  6:30  Drone  
  92  6:35  Overlord  
  92  6:36  Drone  
  92  6:37  Drone  
  92  6:42  Drone x3  
  92  6:44  Drone  
  96  6:47  Drone x2  
  96  6:50  Burrow  
  98  6:56  Grooved Spines  
  98  6:58  Hydralisk x3  
  98  6:59  Hydralisk x2  
  107  7:03  Overlord  
  107  7:09  Overlord  
  107  7:11  Hydralisk x6  
  119  7:15  Drone x3  
  119  7:21  Overlord  
  122  7:23  Drone x4  
  122  7:25  Overlord  
  122  7:29  Drone  
  124  7:34  Overlord  
  121  7:38  Overlord  
  121  7:40  Drone x5  
  121  7:42  Spawning Pool  
  121  7:43  Extractor  
  121  7:44  Extractor, Overlord  
  121  7:50  Overlord  
  121  7:51  Hydralisk x4  
  115  7:58  Overlord  
  121  8:01  Overlord  
  121  8:04  Extractor, Pneumatized Carapace  
  118  8:09  Drone x4  
  118  8:10  Drone, Muscular Augments  
  118  8:11  Drone x3  
  123  8:13  Drone x2  
  123  8:17  Overlord  
  123  8:19  Overlord  
  125  8:23  Overlord  
  125  8:28  Overlord  
  125  8:30  Hydralisk x3  
  125  8:31  Spore Crawler  
  125  8:34  Spore Crawler  
  129  8:35  Zerg Missile Weapons Level 2  
  129  8:36  Overlord  
  129  8:37  Hydralisk x4  
  137  8:44  Queen  
  137  8:45  Queen  
  137  8:47  Queen, Hydralisk  
  137  8:48  Hydralisk  
  147  8:52  Overseer x2  
  147  8:56  Hydralisk  
  147  8:57  Hydralisk x3  
  155  9:10  Overlord  
  155  9:13  Hydralisk x5  
  155  9:14  Nydus Network  
  155  9:15  Infestation Pit  
  163  9:24  Hydralisk x4  
  163  9:25  Hydralisk x2  
  175  9:33  Hydralisk  
  175  9:34  Hydralisk x4  
  185  9:49  Hydralisk  
  185  9:50  Hydralisk x5  
  189  9:56  Overseer  
  181  10:03  Nydus Canal  
  181  10:06  Hydralisk x9  
  197  10:16  Hive  
  197  10:17  Nydus Canal  
  197  10:21  Spire  
  196  10:33  Nydus Canal  
  188  10:40  Hydralisk x8  
  182  10:45  Extractor  
  182  10:47  Nydus Canal  
  182  10:48  Drone x3  
  182  10:49  Drone x5  
  179  10:52  Hydralisk x4  
  179  10:54  Zergling x2  
  182  10:59  Hydralisk x2  
  182  11:04  Hydralisk x2  
  185  11:09  Nydus Canal  
  189  11:13  Hydralisk x2  
  189  11:15  Hydralisk  
  189  11:18  Hydralisk  
  175  11:22  Hydralisk  
  175  11:23  Nydus Canal  
  162  11:25  Hydralisk  
  162  11:26  Hydralisk  
  162  11:29  Hydralisk  
  162  11:31  Hydralisk  
  152  11:34  Zergling x14  
  157  11:40  Hydralisk x4  
  157  11:44  Hydralisk x2  
  163  11:50  Hydralisk x2  
  156  11:57  Hydralisk x3  
  156  12:01  Overseer, Nydus Canal  
  158  12:04  Hydralisk  
  158  12:05  Hydralisk  
  161  12:16  Nydus Canal, Hydralisk x4  
  161  12:18  Zergling x2  
  161  12:19  Zergling x20  
  170  12:30  Hydralisk x4  
  170  12:34  Hydralisk x2  
  170  12:36  Nydus Canal, Hydralisk  
  168  12:43  Overseer  
  146  12:54  Nydus Canal  
  152  13:03  Hatchery  
Tags
 
Add a new tag
Caveats
  • Supply blocks, unpowered buildings, or Contaminate may cause inaccurate times.
  • Supply counts are checked every 10 seconds.